AoeStats
← Like_2_win2

Arabia

510414836Analyzed
2v2 RM · 16h ago on Sep 30, 2026· 98m 4s· 4 players
Game mode
Random Map
Map size
Medium (4 player)
Population
200
Speed
Normal
Resources
Standard
Victory
Conquest
Starting age
Dark Age
Ending age
Imperial Age
RankedLock teamsTeams togetherTeam positionsShared explorationLock speedFull tech treeHidden civsTurbo modeCheats
Victory
Defeat
🇦🇷 Berbers · Argentina
1049
+7
🇦🇷 Wei · Argentina
734
+19
820
-13
🇩🇰 Danes · Denmark
819
-13
𝖘𝖈𝖔𝖗𝖕𝖎𝖔☯
0:31 Loom
10:42 Feudal Age
11:36 Double-Bit Axe
11:34 Horse Collar
23:52 Castle Age
22:44 Padded Archer Armor
22:47 Scale Mail Armor
22:58 Forging
23:42 Stone Mining
23:59 Pikeman
24:39 Elite Skirmisher
31:22 Ballistics
31:59 Gold Mining
32:45 Stone Shaft Mining
32:40 Murder Holes
36:12 Masonry
42:49 Imperial Age
43:06 Chain Mail Armor
43:27 Iron Casting
42:52 Padded Archer Armor
46:05 Chemistry
45:39 Halberdier
52:41 Wheelbarrow
51:50 Cavalier
53:01 Bow Saw
57:01 Paladin
57:41 Husbandry
59:39 Plate Mail Armor
60:10 Blast Furnace
59:26 Leather Archer Armor
61:24 Heavy Plow
67:56 Scale Barding Armor
68:22 Ring Archer Armor
70:22 Paladin
73:31 Chain Barding Armor
73:26 Fletching
77:30 Caravan
78:01 Coinage
81:37 Banking
81:17 Guilds
82:40 Banking
Like_2_win2
10:53 Feudal Age
11:52 Horse Collar
12:00 Double-Bit Axe
13:11 Wheelbarrow
18:29 Fletching
22:04 Castle Age
23:03 Hand Cart
24:00 Bow Saw
31:19 Heavy Plow
32:18 Forging
33:28 Scale Mail Armor
34:44 Town Watch
35:54 Stone Mining
35:58 Gold Mining
42:15 Imperial Age
40:29 Gold Shaft Mining
40:36 Iron Casting
40:16 Gambesons
41:09 Squires
42:21 Padded Archer Armor
42:48 Elite Varangian Guard
43:14 Arson
45:50 Blast Furnace
45:07 Chain Mail Armor
46:04 Leather Archer Armor
45:13 Hamask
48:10 Chemistry
47:57 Masonry
48:15 Town Patrol
53:25 Ring Archer Armor
53:51 Ballistics
57:09 Pikeman
59:07 Plate Mail Armor
59:44 Onager
62:41 Siege Onager
64:02 Loom
66:59 Bodkin Arrow
68:11 Halberdier
79:41 Caravan
PNAL | Franco El Proctologo
8:11 Loom
9:57 Feudal Age
15:23 Double-Bit Axe
15:26 Horse Collar
18:18 Forging
23:42 Castle Age
24:47 Heavy Plow
25:24 Wheelbarrow
25:33 Gold Mining
25:34 Stone Mining
26:05 Bow Saw
27:27 Thumb Ring
27:43 Padded Archer Armor
27:34 Fletching
31:26 Hand Cart
31:53 Leather Archer Armor
31:33 Bodkin Arrow
31:45 Husbandry
40:52 Gold Shaft Mining
43:30 Imperial Age
44:51 Bloodlines
49:18 Iron Casting
59:31 Parthian Tactics
60:58 Heavy Scorpion
65:54 Blast Furnace
65:03 Scale Barding Armor
64:59 Bodkin Arrow
65:42 Ring Archer Armor
72:30 Light Cavalry
74:59 Ballistics
75:59 Chemistry
76:23 Town Watch
77:28 Chain Barding Armor
77:55 Heavy Hei Guang Cavalry
ramiroale91
6:40 Loom
9:30 Feudal Age
9:59 Double-Bit Axe
11:58 Horse Collar
20:58 Castle Age
20:47 Wheelbarrow
20:25 Bloodlines
20:56 Scale Barding Armor
21:02 Forging
20:52 Gold Mining
22:31 Bow Saw
23:27 Forging
29:25 Husbandry
32:47 Chain Barding Armor
33:03 Iron Casting
37:30 Imperial Age
35:17 Hand Cart
34:48 Town Watch
36:09 Town Patrol
38:14 Gold Shaft Mining
37:39 Cavalier
40:17 Conscription
41:40 Plate Barding Armor
41:41 Iron Casting
44:17 Heavy Scorpion
50:15 Chemistry
49:36 Ballistics
64:18 Light Cavalry
89:29 Hussar
98:36 Blast Furnace
Connection lost

Rejoining the realm…

Still unreachable

The connection could not be restored.

Session expired

The server has moved on; the page needs a fresh start.